 Dungeon Crawl Stone Soup version 0.30-a0-847-g17996783a1 (webtiles) character file.

Game seed: 16520066098968140455

18 jasper the Chopper (level 2, -1/27 HPs)
             Began as a Hill Orc Monk on Mar 3, 2023.
             Slain by a gnoll
             ... wielding a +0 flail
              (10 damage)
             ... on level 1 of the Dungeon.
             The game lasted 00:01:32 (589 turns).

jasper the Chopper (Hill Orc Monk)                   Turns: 589, Time: 00:01:33

Health: -1/27      AC:  3    Str: 10 (13) XL:     2   Next: 66%
Magic:  2/2        EV: 11    Int:  9 (10) God:
Gold:   21         SH:  0    Dex: 12 (13) Spells: 1/1 levels left

rFire   . . .      SeeInvis .    a - +0 hand axe
rCold   . . .      Faith    .    (no shield)
rNeg    + . .      Spirit   .    f - +0 leather armour
rPois   .          Reflect  .    (no helmet)
rElec   .          Rampage  .    (no cloak)
rCorr   .                        (no gloves)
Will    .....                    (no boots)
Stlth   +                        (no amulet)
HPRegen 0.24/turn                e - ring of positive energy
MPRegen 0.08/turn                (no ring)

@: no status effects
A: no striking features
a: no special abilities


You were on level 1 of the Dungeon.
You visited 1 branch of the dungeon, and saw 1 of its levels.

You collected 21 gold pieces.

Inventory:

Hand Weapons
 a - a +0 hand axe (weapon)
Missiles
 i - 4 stones (quivered)
Armour
 b - a +0 robe
 f - a +0 leather armour (worn)
Jewellery
 e - a ring of positive energy (left hand)
Scrolls
 h - a scroll of vulnerability {unknown}
Potions
 c - a potion of ambrosia


   Skills:
 + Level 3.9 Fighting
 * Level 4.6 Axes
 + Level 1.0 Armour
 - Level 2.4 Dodging
 - Level 1.5 Stealth


You had one spell level left.
You didn't know any spells.
Your spell library contained the following spells:

 Spells                   Type           Power      Damage    Failure   Level
 Ignite Poison            Fire/Tmut/Pois 0%         N/A       86%         3
 Kindle Blastsparks       Fire/Tloc/Air  0%         2d10      86%         3
 Freezing Cloud           Conj/Ice/Air   0%         6-21      100%        5


Dungeon Overview and Level Annotations

Branches:
Dungeon (1/15)

Altars:


Message History

Really target yourself?
Okay, then.
A gnoll comes into view. It is wielding a +0 flail.
Throw: 5 stones
Press: ? - help, Q - select action Shift-Dir - straight line, f - gnoll
Aim: a gnoll, wielding a +0 flail (asleep, 98% to hit)
You throw a stone.
The stone hits the gnoll but does no damage.
The gnoll shouts!
You hit the gnoll.
The gnoll is moderately wounded.
The gnoll completely misses you.
You barely miss the gnoll.
The gnoll is moderately wounded.
The gnoll misses you.
You hit the gnoll but do no damage.
The gnoll is moderately wounded.
The gnoll hits you with a +0 flail. The gnoll hits you with a +0 flail!
You take 15 damage, and have 12/27 hp.
MASSIVE DAMAGE!!
You hit the gnoll but do no damage.
The gnoll is lightly wounded.
The gnoll closely misses you.
It was a potion of curing.
You feel better. The gnoll hits you with a +0 flail.
You regained 8 hp, and now have 21/27 hp.
You hit the gnoll but do no damage.
The gnoll is lightly wounded.
The gnoll barely misses you.
You closely miss the gnoll.
The gnoll is lightly wounded.
The gnoll hits you with a +0 flail!
You take 9 damage, and have 12/27 hp.
MASSIVE DAMAGE!!
It was a potion of degeneration.
There was something very wrong with that liquid.
You feel weakened.
You feel dopey.
You feel clumsy. The gnoll hits you with a +0 flail.
You take 3 damage, and have 9/27 hp.
You hit the gnoll but do no damage. You punch the gnoll.
The gnoll is moderately wounded.
The gnoll hits you with a +0 flail!
You die...

#### ..# ##.##
.#####...#######
.......>..$....#
#.@g# #.#
###.######.#########
#...................
#.#........#####..##
#.#.....#..# #..##
#.#.....#..# #..##
#.#....##..# #..##
#.#.#..##..# #..##
..#.#..##..#####.###


You could see a gnoll.

Vanquished Creatures
  A dart slug (D:1)
  5 ball pythons (D:1)
  An endoplasm (D:1)
  A giant cockroach (D:1)
  2 hobgoblins (D:1)
  A kobold (D:1)
  A bat (D:1)
  4 frilled lizards (D:1)
  A rat (D:1)
17 creatures vanquished.

Notes
Turn   | Place    | Note
-------+----------+-------------------------------------------
     0 | D:1      | jasper the Hill Orc Monk began the quest for the Orb.
     0 | D:1      | Reached XP level 1. HP: 19/19 MP: 1/1
   132 | D:1      | Reached XP level 2. HP: 23/27 MP: 2/2
   400 | D:1      | Reached skill level 1 in Armour
   589 | D:1      | Slain by a gnoll

Illustrated notes

Levels and vault maps discovered:
D:1:      dpeg_arrival_boxorama, layout_loops_ring

Skill      XL: |  1  2 |
---------------+-------+-----
Armour         | 1 |  1.0
Fighting       | |  3.9
Axes           | |  4.6
Dodging        | |  2.4
Stealth        | |  1.5

Action                     || total
---------------------------++-------
  Melee: Hand axe          ||    54
         Punch             ||     2
  Throw: Stone             ||     4
    Use: Potion            ||     2
   Stab: Sleeping          ||     2
 Armour: Robe              ||     3
         Leather armour    ||    12
  Dodge: Dodged            ||    27

Table legend: (Time is in decaauts)
 A = Elapsed time spent in this place.
 B = Non-inter-level travel time spent in this place.
 C = Inter-level travel time spent in this place.
 D = Time resting spent in this place.
 E = Time spent auto-exploring this place.
 F = Levels seen in this place.
 G = Mean time per level.
                   A        B        C        D        E       F      G
               +--------+--------+--------+--------+--------+-----+--------+
         Total |    593 |    587 |      6 |      0 |    397 |   1 |  593.0 |
       Dungeon |    593 |    587 |      6 |      0 |    397 |   1 |  593.0 |
               +--------+--------+--------+--------+--------+-----+--------+

Top non-repeatable levels by time:
     D:1: 593 daAuts
